 Dungeon Crawl Stone Soup version 0.26-a0-466-g989023bd0d (webtiles) character file.

Game seed: 17161554276530069753

1919 gruber the Covert (level 9, 0/45 HPs)
             Began as a Kobold Enchanter on Aug 4, 2020.
             Was a Follower of Dithmenos.
             Slain by a centaur (6 damage)
             ... on level 5 of the Dungeon.
             The game lasted 00:09:31 (8888 turns).

gruber the Covert (Kobold Enchanter)                Turns: 8888, Time: 00:09:31

Health: 0/45       AC:  3    Str:  5    XL:     9   Next: 39%
Magic:  1/12       EV: 15    Int: 19    God:    Dithmenos [*.....]
Gold:   316        SH:  0    Dex: 16    Spells: 3/12 levels left

rFire    . . .     SeeInvis .   o - +1 dagger (venom)
rCold    . . .     Faith    .   (shield restricted)
rNeg     . . .     Spirit   .   y - +0 robe {MR+}
rPois    .         Reflect  .   (no helmet)
rElec    .         Harm     .   (no cloak)
rCorr    .                      f - +0 pair of gloves
MR       +....                  (no boots)
Stlth    +++++++...             (no amulet)
HPRegen  0.15/turn              l - ring of flight
MPRegen  0.13/turn              (no ring)

@: wreathed by umbra
A: small, nightstalker 3
a: Renounce Religion, Evoke Flight


You were on level 5 of the Dungeon.
You worshipped Dithmenos.
Dithmenos was aware of your devotion.
You visited 2 branches of the dungeon, and saw 7 of its levels.

You collected 316 gold pieces.

Inventory:

Hand Weapons
 o - a +1 dagger of venom (weapon)
Armour
 f - a +0 pair of gloves (worn)
 y - a +0 robe of magic resistance (worn)
Jewellery
 b - an uncursed ring of fire {unknown}
 l - a ring of flight (left hand)
Wands
 k - a wand of flame (70)
 s - a wand of enslavement (2)
 z - a wand of polymorph (12)
Scrolls
 a - a scroll of amnesia {unknown}
 d - a scroll of remove curse
 h - 3 scrolls of noise
 i - a scroll of identify
 n - a scroll of blinking {unknown}
 r - a scroll of fog {unknown}
 v - a scroll of enchant armour
 w - a scroll of teleportation {unknown}
Potions
 c - a potion of mutation
 e - a potion of invisibility
 g - 2 potions of resistance {unknown}
 j - 2 potions of degeneration {unknown}
 m - a potion of ambrosia
 p - 2 potions of curing
 q - a potion of stabbing {unknown}
 t - 3 potions of heal wounds {unknown}
 u - a potion of might {unknown}
 x - a potion of brilliance {unknown}


   Skills:
 * Level 6.0 Short Blades
 - Level 2.4 Dodging
 - Level 13.1 Stealth
 - Level 2.1 Spellcasting
 - Level 6.2 Hexes
 - Level 0.2 Ice Magic


You had 3 spell levels left.
You knew the following spells:

 Your Spells              Type           Power        Failure   Level
a - Corona                Hex            ####...      1%          1
b - Ensorcelled Hibernat  Hex/Ice        ##....       7%          2
c - Confusing Touch       Hex            ####....     3%          3
d - Tukima's Dance        Hex            ####....     3%          3

Your spell library contained the following spells:

 Spells                   Type           Power        Failure   Level
 Dazzling Flash           Conj/Hex       ##....       14%         3
 Animate Skeleton         Necr           #.....       17%         1
 Apportation              Tloc           #.....       17%         1
 Magic Dart               Conj           #...         17%         1
 Summon Small Mammal      Summ           #...         17%         1
 Searing Ray              Conj           #.....       26%         2
 Fulminant Prism          Conj/Hex       ##........   41%         4
 Iskenderun's Mystic Bla  Conj/Tloc      #.......     86%         4


Dungeon Overview and Level Annotations

Branches:
Dungeon (6/15)             Temple (1/1) D:6

Altars:
Ashenzari
Dithmenos
Elyvilon
Fedhas
Gozag
Kikubaaqudgha
Okawaru
Qazlal
Ru
Trog
Uskayaw
Wu Jian
Xom
Yredelemnul
Zin
The Shining One

Shops:
D:5 ![


Innate Abilities, Weirdness & Mutations

You are small and have problems with some larger weapons.
You are completely attuned to the shadows.


Message History

Unknown command.
Unknown command.
Unknown command.
Casting: Ensorcelled Hibernation (safe; 7% risk of failure)
Confirm with . or Enter, or press ? or * to list all spells.
Aiming: Ensorcelled Hibernation (safe; 7% risk of failure)
Press: ? - help, Shift-Dir - straight line, f/p - centaur
Aim: a centaur, quivering 16 arrows (heavily wounded, umbra, chance to defeat MR: 45%)
The centaur resists with some effort.
The centaur hits you.
* * * LOW HITPOINT WARNING * * *
The centaur completely misses you.
Unknown command.
Unknown command.
Casting: Ensorcelled Hibernation (safe; 7% risk of failure)
Confirm with . or Enter, or press ? or * to list all spells.
Aiming: Corona (safe; 1% risk of failure)
Press: ? - help, Shift-Dir - straight line, f/p - centaur
Aim: a centaur, quivering 16 arrows (heavily wounded, umbra, chance to defeat MR: 65%)
The centaur is outlined in light.
The centaur hits you.
You die...

....# #..............# #.#
# ##### #).............#
#.# #..............# #)#
#.........[....####.#
######.#.................#
#
#......#................##
#
#.#######...........###.#
# #.# #.#c..##.#### #.# #
##.## ##.#.@.##(# #.# #
#...# #..######.# #.# #
#...# #.#######.# #.# #
#...# #.........# #.### #
###.# #...####### #...## #
#.# #....## ##.#.## # #.#
#.....# ##.###.# # #.#
##....# ### #.## ##. # #.#
#....# #.####..###.#


You could see a centaur (corona).

Vanquished Creatures
  Sigmund (D:5)
  An orc warrior (D:6)
  An ice beast (D:5)
  A phantom (D:4)
  3 ogres
  2 centaurs (D:6)
  A bullfrog (D:6)
  Blork the orc (D:5)
  A scorpion (D:4)
  A howler monkey (D:6)
  A jelly (D:6)
  A hound (D:4)
  2 orc priests
  A bullfrog skeleton (D:4)
  Crazy Yiuf (D:5)
  2 iguanas
  Ijyb (D:4)
  8 orc wizards
  5 worker ants
  Robin (D:2)
  A howler monkey skeleton (D:5)
  9 adders
  An ooze (D:4)
  An adder zombie (D:5)
  An adder skeleton (D:6)
  3 worms
  A dart slug (D:3)
  A leopard gecko (D:1)
  20 orcs
  A ball python (D:1)
  6 giant cockroaches
  17 goblins
  10 hobgoblins
  5 jackals (D:4)
  4 quokkas
  8 bats
  6 frilled lizards
  A jackal skeleton (D:4)
  2 kobolds (D:1)
  4 rats (D:1)
138 creatures vanquished.

Vanquished Creatures (collateral kills)
  A jelly (D:6)
1 creature vanquished.

Vanquished Creatures (others)
  A quokka (D:2)
  A kobold (D:2)
2 creatures vanquished.

Grand Total: 141 creatures vanquished

Notes
Turn   | Place    | Note
-------+----------+-------------------------------------------
     0 | D:1      | gruber the Kobold Enchanter began the quest for the Orb.
     0 | D:1      | Reached XP level 1. HP: 10/10 MP: 3/3
   382 | D:1      | Reached XP level 2. HP: 3/15 MP: 3/5
   673 | D:1      | Learned a level 2 spell: Ensorcelled Hibernation
  1806 | D:1      | Reached XP level 3. HP: 19/19 MP: 6/6
  2230 | D:2      | Noticed Robin
  2560 | D:2      | Reached skill level 5 in Stealth
  2560 | D:2      | Reached XP level 4. HP: 4/24 MP: 1/7
  2574 | D:2      | HP: 1/24 [poisoned by a worker ant]
  3093 | D:2      | Killed Robin
  3097 | D:2      | Reached skill level 6 in Stealth
  3113 | D:2      | Reached XP level 5. HP: 17/28 MP: 2/8
  3605 | D:2      | Found a white marble altar of Elyvilon.
  3937 | D:2      | Found a bloodstained altar of Trog.
  4602 | D:3      | Reached XP level 6. HP: 32/32 MP: 9/9
  4628 | D:3      | Found a glowing golden altar of the Shining One.
  5136 | D:3      | Found a shattered altar of Ashenzari.
  5139 | D:3      | Found a glowing silver altar of Zin.
  5140 | D:3      | Found a blossoming altar of Fedhas.
  5143 | D:3      | Found a basalt altar of Yredelemnul.
  5144 | D:3      | Found an ancient bone altar of Kikubaaqudgha.
  5153 | D:3      | Found a sacrificial altar of Ru.
  5155 | D:3      | Found an ornate altar of the Wu Jian Council.
  5387 | D:4      | Reached skill level 5 in Hexes
  5423 | D:4      | Noticed Ijyb
  5427 | D:4      | Killed Ijyb
  5639 | D:4      | Noticed a phantom
  5643 | D:4      | Killed a phantom
  5643 | D:4      | Reached XP level 7. HP: 36/36 MP: 10/10
  5648 | D:4      | Learned a level 3 spell: Confusing Touch
  5652 | D:4      | Learned a level 3 spell: Tukima's Dance
  5790 | D:4      | Found an opulent altar of Gozag.
  6092 | D:4      | You fall into a shaft and drop 2 floors!
  6092 | D:6      | Found a staircase to the Ecumenical Temple.
  6096 | Temple   | Entered the Ecumenical Temple
  6132 | Temple   | Became a worshipper of Dithmenos the Shadowed
  6193 | D:6      | Reached skill level 7 in Stealth
  6309 | D:5      | Entered Level 5 of the Dungeon
  6583 | D:5      | Reached skill level 8 in Stealth
  6606 | D:5      | Found Jyorum's Antique Armour Boutique.
  6619 | D:5      | Reached XP level 8. HP: 22/41 MP: 6/11
  6926 | D:5      | Reached skill level 9 in Stealth
  6953 | D:5      | Noticed Blork the orc
  6954 | D:5      | Reached skill level 10 in Stealth
  6958 | D:5      | Killed Blork the orc
  7055 | D:5      | Noticed Sigmund
  7062 | D:5      | Killed Sigmund
  7062 | D:5      | Reached skill level 11 in Stealth
  7104 | D:5      | Found a runed translucent door.
  7107 | D:5      | Noticed Crazy Yiuf
  7167 | D:5      | Noticed a water elemental
  7168 | D:5      | Found a stormy altar of Qazlal.
  7216 | D:5      | Killed Crazy Yiuf
  7483 | D:5      | Found Icsy's Distillery.
  7498 | D:5      | Noticed a fire elemental
  7498 | D:5      | Noticed an air elemental
  7838 | D:4      | Reached skill level 12 in Stealth
  8223 | D:6      | Reached XP level 9. HP: 11/45 MP: 9/12
  8632 | D:6      | Reached * piety under Dithmenos
  8684 | D:6      | Reached skill level 13 in Stealth
  8695 | D:6      | Reached skill level 5 in Short Blades
  8888 | D:5      | Slain by a centaur

Illustrated notes

Levels and vault maps discovered:
D:1:      minmay_arrival_radiant_lines, layout_basic,
          chequers_serial_rivers_small_3, minmay_cupped
D:2:      layout_basic, lightli_temple_of_fire, elyvilon_altar_4, uniq_robin
D:3:      layout_loops_ring, minitemple, tso_metal_star
D:4:      layout_rooms, grunt_gozag_breadcrumbs, uniq_ijyb
D:5:      layout_loops_ring, nicolae_qazlal_style_of_elements, serial_shops,
          nicolae_shop_behind_doors, shop, minmay_door_square,
          uniq_crazy_yiuf_cottage, uniq_sigmund, uniq_blork_the_orc
D:6:      layout_basic, minmay_temple_entry_arrows
Temple:   cyrus_temple_forest

Skill      XL: |  1  2  3  4  5  6  7  8  9 |
---------------+----------------------------+-----
Short Blades   | 2 3 4 6 |  6.0
Stealth        | 5 6 8 12 13 | 13.1
Hexes          | 4 6 |  6.2
Dodging        | |  2.4
Spellcasting   | |  2.1
Ice Magic      | |  0.2

Action                   |  1- 3 |  4- 6 |  7- 9 || total
-------------------------+-------+-------+-------++-------
Melee: Dagger            |   121 |   169 |   166 ||   456
 Cast: Corona            |     6 |     3 |     2 ||    11
       Ensorcelled Hiber |     8 |    16 |    25 ||    49
       Confusing Touch   |       |       |     3 ||     3
Evoke: Wand              |     3 |     1 |     2 ||     6
  Use: Scroll            |       |    10 |       ||    10
 Stab: Sleeping          |    15 |    25 |    32 ||    72
       Confused          |       |       |     3 ||     3
       Distracted        |       |       |     1 ||     1
Armor: Robe              |    17 |    18 |    17 ||    52
Dodge: Dodged            |    73 |   101 |   112 ||   286

Table legend: (Time is in decaauts)
 A = Elapsed time spent in this place.
 B = Non-inter-level travel time spent in this place.
 C = Inter-level travel time spent in this place.
 D = Time resting spent in this place.
 E = Time spent auto-exploring this place.
 F = Levels seen in this place.
 G = Mean time per level.
                   A        B        C        D        E       F      G
               +--------+--------+--------+--------+--------+-----+--------+
         Total |   8808 |   8496 |    312 |    615 |   6777 |   7 | 1258.3 |
       Dungeon |   8741 |   8460 |    281 |    615 |   6748 |   6 | 1456.8 |
        Temple |     66 |     36 |     30 |      0 |     29 |   1 |   66.0 |
               +--------+--------+--------+--------+--------+-----+--------+

Top non-repeatable levels by time:
     D:1: 2112 daAuts
     D:2: 2045 daAuts
     D:5: 1604 daAuts
     D:3: 1188 daAuts
     D:4: 919 daAuts
     D:6: 872 daAuts
  Temple: 66 daAuts
